[ AOE2 MATCH · #507838612 ]
UnrankedSicilians vs Aztecs
Player's team · WIN
Rival team · LOSS
[ REPLAY ANALYSIS · EXTRACTED FROM THE RECORDED GAME ]
Feudal
—
Castle
—
Imperial
—
| APM avg | 25.4 |
| APM peak | 95 |
| eAPM avg | 15.8 |
| Villagers / military | 69 / 0 |
Focus
⚔️ 13.1% · 🌾 86.9%
Feudal
10:03
Castle
—
Imperial
—
| APM avg | 21.3 |
| APM peak | 34 |
| eAPM avg | 9.2 |
| Villagers / military | 38 / 3 |
Focus
⚔️ 20.4% · 🌾 79.6%
Militia ×2 · Eagle Scout ×1
Match map
Initial resources + every placement click. Lines = walls · curves = elevation contours. ◆ gold · ⬟ stone · ● berries · ✦ relic · ◌ wall gap
Your base· Open — unwalled flank
迷途小羔羊's base· Open — unwalled flank
Smoothed initial terrain · ◌ = detected wall gap · hover for details
Inputs per minute
— PoopMaster - - 迷途小羔羊
Build order — PoopMaster
92 actions detected in the replay
| 0:02 | Queue | Villager (Male) |
| 0:02 | Research | Loom |
| 0:03 | Build | House |
| 0:04 | Build | House |
| 0:08 | Build | House |
| 0:09 | Build | House |
| 0:23 | Queue | Villager (Male) |
| 0:23 | Queue | Villager (Male) |
| 0:38 | Queue | Villager (Male) |
| 0:38 | Queue | Villager (Male) |
| 1:36 | Queue | Villager (Male) |
| 2:09 | Queue | Villager (Male) |
| 2:34 | Queue | Villager (Male) |
| 3:09 | Build | Lumber Camp |
| 3:11 | Queue | Villager (Male) |
| 3:11 | Queue | Villager (Male) |
| 3:11 | Queue | Villager (Male) |
| 3:29 | Queue | Villager (Male) |
| 3:30 | Queue | Villager (Male) |
| 4:05 | Queue | Villager (Male) |
| 4:05 | Queue | Villager (Male) |
| 4:28 | Queue | Villager (Male) |
| 4:36 | Queue | Villager (Male) |
| 4:38 | Research | Loom |
| 5:17 | Queue | Villager (Male) |
| 5:17 | Queue | Villager (Male) |
| 5:23 | Build | Mill |
| 6:22 | Queue | Villager (Male) |
| 7:17 | Build | House |
| 7:27 | Queue | Villager (Male) |
| 7:56 | Build | Town Center |
| 7:59 | Build | Town Center |
| 8:43 | Queue | Villager (Male) |
| 8:44 | Queue | Villager (Male) |
| 8:44 | Queue | Villager (Male) |
| 9:13 | Queue | Villager (Male) |
| 10:00 | Queue | Villager (Male) |
| 10:36 | Queue | Villager (Male) |
| 10:36 | Queue | Villager (Male) |
| 11:03 | Queue | Villager (Male) |
| 11:04 | Queue | Villager (Male) |
| 11:50 | Queue | Villager (Male) |
| 11:50 | Queue | Villager (Male) |
| 12:43 | Queue | Villager (Male) |
| 12:43 | Queue | Villager (Male) |
| 12:44 | Queue | Villager (Male) |
| 13:53 | Queue | Villager (Male) |
| 13:53 | Queue | Villager (Male) |
| 14:29 | Queue | Villager (Male) |
| 14:30 | Queue | Villager (Male) |
| 14:30 | Queue | Villager (Male) |
| 14:35 | Build | House |
| 14:43 | Build | Mill |
| 15:39 | Build | Town Center |
| 16:12 | Queue | Villager (Male) |
| 16:12 | Queue | Villager (Male) |
| 16:12 | Queue | Villager (Male) |
| 16:13 | Queue | Villager (Male) |
| 16:38 | Queue | Villager (Male) |
| 16:55 | Queue | Villager (Male) |
| 17:10 | Queue | Villager (Male) |
| 17:30 | Build | House |
| 17:31 | Build | House |
| 18:05 | Queue | Villager (Male) |
| 18:19 | Queue | Villager (Male) |
| 18:20 | Queue | Villager (Male) |
| 19:27 | Build | Palisade Wall |
| 19:30 | Build | Palisade Wall |
| 19:31 | Build | Palisade Wall |
| 19:34 | Queue | Villager (Male) |
| 19:56 | Queue | Villager (Male) |
| 20:26 | Queue | Villager (Male) |
| 20:43 | Build | House |
| 20:47 | Queue | Villager (Male) |
| 21:27 | Queue | Villager (Male) |
| 21:54 | Queue | Villager (Male) |
| 22:05 | Queue | Villager (Male) |
| 22:42 | Build | Mill |
| 23:28 | Build | Lumber Camp |
| 24:21 | Queue | Villager (Male) |
| 24:22 | Queue | Villager (Male) |
| 24:32 | Build | Palisade Wall |
| 24:41 | Queue | Villager (Male) |
| 24:41 | Queue | Villager (Male) |
| 25:42 | Queue | Villager (Male) |
| 25:42 | Queue | Villager (Male) |
| 26:52 | Queue | Villager (Male) |
| 26:52 | Queue | Villager (Male) |
| 26:52 | Queue | Villager (Male) |
| 27:35 | Queue | Villager (Male) |
| 27:55 | Queue | Villager (Male) |
| 27:55 | Queue | Villager (Male) |
Build order — 迷途小羔羊
55 actions detected in the replay
| 0:05 | Queue | Villager (Male) |
| 0:06 | Queue | Villager (Male) |
| 0:06 | Queue | Villager (Male) |
| 0:08 | Build | House |
| 0:10 | Build | House |
| 0:19 | Queue | Villager (Male) |
| 0:20 | Queue | Villager (Male) |
| 1:34 | Queue | Villager (Male) |
| 2:15 | Queue | Villager (Male) |
| 2:18 | Queue | Villager (Male) |
| 2:18 | Queue | Villager (Male) |
| 2:44 | Build | Lumber Camp |
| 3:06 | Queue | Villager (Male) |
| 3:06 | Queue | Villager (Male) |
| 3:16 | Build | House |
| 3:52 | Queue | Villager (Male) |
| 3:53 | Queue | Villager (Male) |
| 3:53 | Queue | Villager (Male) |
| 4:09 | Queue | Villager (Male) |
| 4:09 | Queue | Villager (Male) |
| 4:52 | Queue | Villager (Male) |
| 4:52 | Queue | Villager (Male) |
| 4:53 | Queue | Villager (Male) |
| 5:21 | Build | Mill |
| 5:26 | Build | House |
| 5:48 | Queue | Villager (Male) |
| 5:49 | Queue | Villager (Male) |
| 6:35 | Research | Loom |
| 7:09 | Build | Barracks |
| 7:25 | Queue | Villager (Male) |
| 7:53 | Research | Feudal Age |
| 8:38 | Build | Lumber Camp |
| 9:33 | Queue | Militia |
| 9:33 | Queue | Militia |
| 10:03 | Age | Feudal Age |
| 10:10 | Queue | Villager (Male) |
| 10:10 | Queue | Villager (Male) |
| 13:53 | Build | Town Center |
| 14:59 | Queue | Villager (Male) |
| 14:59 | Queue | Villager (Male) |
| 14:59 | Queue | Villager (Male) |
| 15:00 | Queue | Villager (Male) |
| 15:00 | Queue | Villager (Male) |
| 15:01 | Queue | Villager (Male) |
| 15:19 | Queue | Eagle Scout |
| 16:54 | Build | Lumber Camp |
| 18:27 | Build | House |
| 19:42 | Queue | Villager (Male) |
| 20:52 | Queue | Villager (Male) |
| 20:52 | Queue | Villager (Male) |
| 21:16 | Queue | Villager (Male) |
| 21:43 | Queue | Villager (Male) |
| 21:44 | Queue | Villager (Male) |
| 24:20 | Queue | Villager (Male) |
| 24:20 | Queue | Villager (Male) |
Match timeline
| 7:09 | 迷途小羔羊 · first_building Barracks |
| 10:03 | 迷途小羔羊 · age_up feudal |
| 19:27 | PoopMaster · wall_segment Palisade Wall x4 |
| 19:30 | PoopMaster · wall_segment Palisade Wall x4 |
| 19:31 | PoopMaster · wall_segment Palisade Wall x5 |
| 24:32 | PoopMaster · wall_segment Palisade Wall x1 |
| 28:55 | 迷途小羔羊 · resign |
[ AI ANALYSIS · 1 CREDIT ]
What really happened in this match?
Wolo.gg analyzes every decision: build order, eco, micro, common mistakes by bracket. Personalized analysis on WhatsApp or Discord in 30 seconds.
Civ guide
Sicilians
Perfil
PoopMaster